 Dungeon Crawl Stone Soup version 0.27.1 (webtiles) character file.

Game seed: 17580105056985822623

1354 nxtlvl the Basher (level 8, -13/83 HPs)
             Began as an Ogre Delver on Aug 30, 2021.
             Was a Believer of Cheibriados.
             Mangled by a cyclops (33 damage)
             ... on level 7 of the Dungeon.
             The game lasted 00:21:05 (2145 turns).

nxtlvl the Basher (Ogre Delver)                     Turns: 2145, Time: 00:21:05

Health: -13/83     AC:  4    Str: 24    XL:     8   Next: 63%
Magic:  8/8        EV: 10    Int: 16    God:    Cheibriados [**....]
Gold:   298        SH:  0    Dex: 15    Spells: 7/7 levels left

rFire    . . .     SeeInvis .   a - +0 dire flail
rCold    . . .     Faith    .   (shield currently unavailable)
rNeg     . . .     Spirit   .   r - +1 robe
rPois    .         Reflect  .   (helmet restricted)
rElec    .         Harm     .   (no cloak)
rCorr    .         Rampage  .   (gloves unavailable)
Will     .....                  (boots unavailable)
Stlth    ++........             (no amulet)
HPRegen  0.23/turn              (no ring)
MPRegen  0.11/turn              (no ring)

@: mighty, very slow
A: large, unfitting armour, tough skin 1
a: Renounce Religion, Bend Time


You were on level 7 of the Dungeon.
You worshipped Cheibriados.
Cheibriados was pleased with you.
You visited 2 branches of the dungeon, and saw 9 of its levels.

You collected 298 gold pieces.

Inventory:

Hand Weapons
 a - a +0 dire flail (weapon)
 b - a +0 hunting sling
Missiles
 i - 62 sling bullets
 k - 26 poisoned darts (quivered)
 l - 5 boomerangs of dispersal
Armour
 r - a +1 robe (worn)
Magical Staves
 h - a staff of conjuration
Wands
 g - a wand of digging (3)
 u - a wand of paralysis (8)
Scrolls
 c - a scroll of fog
 v - a scroll of acquirement {unknown}
Potions
 d - a potion of brilliance
 f - 2 potions of haste
 j - 2 potions of curing
 n - a potion of magic
 s - a potion of ambrosia {unknown}
 t - a potion of lignification {unknown}


   Skills:
 + Level 5.9 Fighting
 * Level 9.1 Maces & Flails
 - Level 1.7 Dodging
 - Level 3.7 Stealth


You had 7 spell levels left.
You didn't know any spells.
Your spell library was empty.

Dungeon Overview and Level Annotations

Branches:
Dungeon (8/15)             Temple (1/1) D:4
   Lair: D:8-11

Altars:
Ashenzari
Cheibriados
Elyvilon
Fedhas
Gozag
Hepliaklqana
Kikubaaqudgha
Nemelex Xobeh
Okawaru
Qazlal
Ru
Sif Muna
Trog
Uskayaw
Vehumet
Xom
Yredelemnul
Zin
The Shining One

Shops:
D:3 ***:

Annotations:
D:6 Sigmund
D:8 1 runed translucent door, hgbash's ghost, novice DrCj


Innate Abilities, Weirdness & Mutations

You are too large for most types of armour.
You have tough skin. (AC +1)


Message History

The gargoyle hits you with a +0 mace!!
You hear a shout!
A cyclops comes into view.
The wraith barely misses you.
The gargoyle hurls a stone arrow at you.
The stone arrow hits you.
The gargoyle hurls a stone arrow at you.
The stone arrow misses you.
The gargoyle hurls a stone arrow at you.
The stone arrow hits you!!
* * * LOW HITPOINT WARNING * * *
The wraith hits you.
* * * LOW HITPOINT WARNING * * *
You see here a +0 dagger.
The wraith barely misses you.
You see here a scroll of noise.
You feel much better. The wraith hits you.
You closely miss the wraith. The wraith closely misses you.
You puncture the wraith!
The wraith is heavily damaged.
You bludgeon the wraith!!
You destroy the wraith!
Cheibriados appreciates the change of pace.
Your Fighting skill increases to level 5!
You closely miss the gargoyle. The gargoyle hits you with a +0 mace.
You impale the gargoyle!!
The gargoyle is almost destroyed.
The gargoyle hurls a stone arrow at you.
The stone arrow hits you!!
* * * LOW HITPOINT WARNING * * *
You puncture the gargoyle!
You destroy the gargoyle!
Cheibriados appreciates the change of pace.
Your Maces & Flails skill increases to level 9!
You bludgeon the cyclops!!
The cyclops is heavily wounded.
You bludgeon the cyclops!!
The cyclops is almost dead.
The cyclops hits you!!
You die...

........#####...######
#.# #.# #########
##### ### #.# #.# #..
..# #.# #.# #..###..#
#.# #.# #...# #.# #.#
#...# #.# #.# #...#
#.# #.# ##C## #.###.#
#@# #.....# ##.#
#..#### #######..#
#..#
........########..#
##.#..............#
#...##.#########.#
....# #.# #.# #### #.#
#.# #.# #.#


You could see a cyclops.

Vanquished Creatures
  A gargoyle (D:7)
  A wraith (D:7)
  A black bear (D:6)
  2 sky beasts
  A hornet zombie (D:7)
  A centaur (D:7)
  3 bullfrogs
  A jelly (D:6)
  A bullfrog zombie (D:6)
  A hound (D:6)
  A bullfrog skeleton (D:4)
  A centaur skeleton (D:6)
  An iguana (D:6)
  An orc wizard (D:8)
  A howler monkey zombie (D:6)
  2 adders
  An ufetubus (D:7)
  A worm (D:3)
  6 orcs
  6 bats
  7 endoplasms
  A giant cockroach (D:3)
  3 goblins
  3 hobgoblins
  4 jackals
  3 quokkas
  7 ball pythons
  A frilled lizard (D:2)
  2 kobolds
  5 rats
70 creatures vanquished.

Notes
Turn   | Place    | Note
-------+----------+-------------------------------------------
     0 | D:5      | nxtlvl the Ogre Delver began the quest for the Orb.
     0 | D:5      | Reached XP level 1. HP: 24/24 MP: 1/1
    65 | D:4      | Reached skill level 2 in Maces & Flails
   100 | D:4      | Found a staircase to the Ecumenical Temple.
   110 | Temple   | Entered the Ecumenical Temple
   171 | Temple   | Became a worshipper of Cheibriados the Contemplative
   315 | D:4      | Reached skill level 3 in Maces & Flails
   315 | D:4      | Reached XP level 2. HP: 11/32 MP: 2/2
   315 | D:4      | Reached XP level 3. HP: 14/39 MP: 3/3
   325 | D:4      | Found a shimmering blue altar of Sif Muna.
   387 | D:3      | Found Isoroo's Assorted Antiques.
   637 | D:2      | Reached * piety under Cheibriados
   777 | D:2      | Reached XP level 4. HP: 44/48 MP: 4/4
   846 | D:2      | Reached skill level 4 in Maces & Flails
  1031 | D:3      | Found Woce's Book Shoppe.
  1076 | D:3      | Found a glowing silver altar of Zin.
  1101 | D:3      | Found Vorianint's Assorted Antiques.
  1255 | D:3      | Reached ** piety under Cheibriados
  1257 | D:3      | Found Iphuur's General Store.
  1364 | D:6      | Noticed an ice beast
  1379 | D:6      | Reached XP level 5. HP: 27/54 MP: 5/5
  1399 | D:6      | Noticed Sigmund
  1423 | D:6      | Noticed a sky beast
  1437 | D:6      | Killed a sky beast
  1438 | D:6      | Reached skill level 5 in Maces & Flails
  1516 | D:6      | Noticed an ice beast
  1605 | D:6      | Reached XP level 6. HP: 38/62 MP: 6/6
  1627 | D:6      | Reached skill level 6 in Maces & Flails
  1641 | D:7      | Noticed a water moccasin
  1687 | D:6      | Noticed a black bear
  1700 | D:6      | Killed a black bear
  1707 | D:6      | Reached XP level 7. HP: 15/70 MP: 7/7
  1755 | D:6      | Reached skill level 7 in Maces & Flails
  1909 | D:8      | Noticed hgbash's ghost (novice DrCj)
  1910 | D:8      | Found a runed translucent door.
  1919 | D:8      | Reached skill level 8 in Maces & Flails
  2024 | D:8      | Reached XP level 8. HP: 38/79 MP: 8/8
  2122 | D:7      | Noticed a gargoyle
  2130 | D:7      | Noticed a wraith
  2133 | D:7      | Noticed a cyclops
  2140 | D:7      | Killed a wraith
  2141 | D:7      | Reached skill level 5 in Fighting
  2143 | D:7      | Killed a gargoyle
  2144 | D:7      | Reached skill level 9 in Maces & Flails
  2145 | D:7      | Mangled by a cyclops

Illustrated notes

Levels and vault maps discovered:
D:1:      lightli_molten_gateway, layout_rooms,
          dreamdust_ecumenical_altar_hidden_monk_grotto, minmay_pentomino_x4
D:2:      layout_basic, basic_altar
D:3:      layout_basic, mainiacjoe_overflow_24_doors, serial_shops, shop,
          nicolae_shop_window_shopping, shop_coins, shop,
          nicolae_shop_waterfront
D:4:      layout_loops_ring, makhleb_heckhound_becter,
          mainiacjoe_overflow_boulevard, minmay_temple_entry_arrows,
          wad_floor_pattern_untrapped, minivault_25, minmay_increasing_density
D:5:      layout_basic, pdpol_wu_jian_five_deadly_venoms, serial_bayou_pond_e,
          grunt_ministairs_7
D:6:      layout_basic, serial_corexii_hall, chequers_hall_statues_wall_a,
          corexii_hall_statues_x, minmay_statues_item, uniq_sigmund
D:7:      minmay_blocky_corners, layout_loops_ring
D:8:      layout_basic, hellmonk_ghost_happy_afterlife
Temple:   minmay_crystal_spiral_temple

Skill      XL: |  1  2  3  4  5  6  7  8 |
---------------+-------------------------+-----
Maces & Flails | 3 4 5 6 8 9 |  9.1
Fighting       | 5 |  5.9
Dodging        | |  1.7
Stealth        | |  3.7

Action                   |  1- 3 |  4- 6 |  7- 9 || total
-------------------------+-------+-------+-------++-------
Melee: Mace              |    62 |       |       ||    62
       Morningstar       |    16 |    46 |       ||    62
       Dire flail        |       |    49 |    59 ||   108
 Fire: Hunting sling     |       |     2 |       ||     2
Throw: Dart              |       |     8 |    10 ||    18
Evoke: Wand              |       |       |     2 ||     2
  Use: Scroll            |     1 |     1 |     5 ||     7
       Potion            |       |       |     8 ||     8
 Stab: Sleeping          |     4 |     2 |     2 ||     8
       Paralysed         |       |       |     2 ||     2
       Invisible         |       |       |     1 ||     1
Armor: Robe              |    34 |    34 |    15 ||    83
Dodge: Dodged            |    50 |    58 |    40 ||   148
